 Dungeon Sprint DCSS version 0.30.1-11-g7821555f0a (webtiles) character file.

Game seed: 13582386171155824702

205 Groucho the Sneak (level 5, -4/29 HPs)
             Began as a Spriggan Fighter on Jan 4, 2024.
             Slain by a howler monkey (6 damage)
             ... in the Dungeon (Sprint IX: "|||||||||||||||||||||||||||||").
             The game lasted 00:00:50 (78 turns).

Groucho the Sneak (Spriggan Fighter)                  Turns: 78, Time: 00:00:51

Health: -4/29      AC:  2    Str: 12    XL:     5   Next: 53%
Magic:  5/9        EV: 19    Int: 10    God:
Gold:   0          SH:  5    Dex: 16    Spells: 4/4 levels left

rFire   . . .        a - +0 rapier
rCold   . . .        c - +0 buckler
rNeg    . . .        b - +0 robe
rPois   .            (helmet restricted)
rElec   .            (no cloak)
rCorr   .            (gloves unavailable)
SInv    +            (boots unavailable)
Will    .....        (no amulet)
Stlth   ++++         (no ring)
HPRegen 0.24/turn    (no ring)
MPRegen 0.11/turn

%: no teleportation
@: mighty, on berserk cooldown, slowed, quick
A: very small, no large weapons, unfitting armour, see invisible, speed 3
a: no special abilities


You were in the Dungeon.
You visited 1 branch

Inventory:

Hand Weapons
 a - a +0 rapier (weapon)
Armour
 b - a +0 robe (worn)
 c - a +0 buckler (worn)
Scrolls
 j - a scroll of blinking
Potions
 g - a potion of haste
 h - 2 potions of magic


   Skills:
 + Level 3.8 Fighting
 * Level 6.0 Short Blades
 + Level 6.2 Dodging
 * Level 7.8 Stealth
 * Level 4.4 Shields
 * Level 4.9 Invocations


You had 4 spell levels left.
You didn't know any spells.
Your spell library was empty.

Dungeon Overview and Level Annotations

Branches:
Dungeon (1/1)

Altars:


Innate Abilities, Weirdness & Mutations

You are very small and have problems with some larger weapons.
You are too small for most types of armour.
You have supernaturally acute eyesight. (SInv)
You cover ground extremely quickly. (Speed+++)


Message History

Unknown command.
Unknown command.
You closely miss the howler monkey.
The howler monkey is moderately wounded.
The howler monkey completely misses you.
The howler monkey misses you.
Unknown command.
You hit the howler monkey.
The howler monkey is heavily wounded.
The howler monkey hoots and howls with incredible vigour!
The howler monkey barely misses you.
You hit the howler monkey.
The howler monkey is heavily wounded.
The howler monkey closely misses you.
Unknown command.
You closely miss the howler monkey.
The howler monkey is heavily wounded.
The howler monkey completely misses you.
The howler monkey hits you.
Unknown command.
You closely miss the howler monkey.
The howler monkey is heavily wounded.
The howler monkey hits you.
* * * LOW HITPOINT WARNING * * *
The howler monkey barely misses you.
Unknown command.
You hit the howler monkey.
The howler monkey is heavily wounded.
The howler monkey hits you.
* * * LOW HITPOINT WARNING * * *
Unknown command.
Unknown command.
You feel very mighty all of a sudden.
The howler monkey hits you but does no damage.
The howler monkey completely misses you.
You closely miss the howler monkey.
The howler monkey is heavily wounded.
The howler monkey hoots and howls with incredible vigour!
The howler monkey hits you.
You die...

▓+▓
▓.▓
▓.▓
▓.▓
▓h▓
▓@▓
▓)▓
▓.▓
▓.▓
▓.▓
▓.▓
▓.▓
▓)▓
▓.▓


You could see a howler monkey (catching breath).

Vanquished Creatures
  A water moccasin (D)
  An ogre (D)
  An ufetubus (D)
  An orc (D)
  A giant cockroach (D)
  2 goblins (D)
  A kobold (D)
  A bat (D)
9 creatures vanquished.

Notes
Turn   | Place    | Note
-------+----------+-------------------------------------------
     0 | D        | Groucho the Spriggan Fighter began the quest for the Orb.
     0 | D        | Reached XP level 1. HP: 11/11 MP: 2/2
     5 | D        | Reached skill level 1 in Stealth
    15 | D        | Reached skill level 1 in Invocations
    21 | D        | Reached skill level 2 in Stealth
    37 | D        | Noticed a howler monkey
    37 | D        | Noticed an ogre
    37 | D        | Noticed a water moccasin
    58 | D        | Killed a water moccasin
    59 | D        | Reached skill level 5 in Short Blades
    59 | D        | Reached skill level 5 in Dodging
    59 | D        | Reached skill level 6 in Stealth
    59 | D        | Reached XP level 2. HP: 16/16 MP: 2/5
    59 | D        | Reached XP level 3. HP: 20/20 MP: 2/6
    59 | D        | Reached XP level 4. HP: 24/24 MP: 2/7
    63 | D        | Killed an ogre
    64 | D        | Reached skill level 7 in Stealth
    64 | D        | Reached XP level 5. HP: 29/29 MP: 2/9
    78 | D        | Slain by a howler monkey

Illustrated notes

Levels and vault maps discovered:
D:        linesprint [early_d, line_temple, items_1, d_10, items_2, lair_1,
          lair_end, items_3, orc_1, orc_end, items_4, d_15, swamp_1, shoals_1,
          snake_1, spider_1, d_20, vaults_1, items_5, swamp_end, shoals_end,
          snake_end, spider_end, vaults_end, d_27, items_6, zot_1, zot_end,
          crypt_end, forest_end, elf_end, slime_end, tomb_end, abyss_end,
          pan_hell_end]

Skill      XL: |  1  2  3  4  5 |
---------------+----------------+-----
Stealth        | 6 7 |  7.8
Invocations    | 3 4 |  4.9
Fighting       | 3 |  3.8
Short Blades   | 5 6 |  6.0
Dodging        | 5 6 |  6.2
Shields        | 3 4 |  4.4

Action                     |  1- 3 |  4- 6 || total
---------------------------+-------+-------++-------
  Melee: Rapier            |    39 |    16 ||    55
    Use: Potion            |     2 |     2 ||     4
 Armour: Robe              |     4 |     1 ||     5
  Dodge: Dodged            |    20 |    11 ||    31
  Block: Buckler           |    10 |     3 ||    13
